 Dungeon Crawl Stone Soup version 0.19-a0-1704-gbd66c22 (webtiles) character file.

39 Goblin1989 the Sneak (level 3, 0/40 HPs)
             Began as a Demonspawn Assassin on Sept 27, 2016.
             Succumbed to Robin's poison
             ... on level 2 of the Dungeon.
             The game lasted 00:03:46 (1263 turns).

Goblin1989 the Sneak (Demonspawn Assassin)          Turns: 1263, Time: 00:03:47

Health: 0/40       AC:  6    Str: 16    XL:     3   Next: 26%
Magic:  3/3        EV: 11    Int: 13    God:
Gold:   80         SH:  0    Dex: 14    Spells: 0 memorised, 2 levels left

rFire  . . .     SeeInvis .     a - +2 dagger
rCold  . . .     Gourm    .     c - +0 robe
rNeg   . . .     Faith    .     (no shield)
rPois  .         Spirit   .     (no helmet)
rElec  .         Dismiss  .     d - +0 cloak
rCorr  .         Reflect  .     (no gloves)
MR     .....     Harm     .     (no boots)
Stlth  ..........               (no amulet)
                                (no ring)
                                (no ring)

@: berserking, lethally poisoned (0 -> -29), very quick
A: iridescent scales 1
a: no special abilities


You were on level 2 of the Dungeon.
You were hungry.

You visited 1 branch of the dungeon, and saw 2 of its levels.

You collected 80 gold pieces.

Inventory:

Hand Weapons
 a - a +2 dagger (weapon)
 q - a +0 blowgun {@w1}
Missiles
 e - 8 poisoned needles
 f - 2 curare-tipped needles
 j - 6 needles of sleeping
Armour
 c - a +0 robe (worn)
 d - a +0 cloak (worn)
Scrolls
 b - a scroll of immolation {unknown}
 h - 3 scrolls of identify {unknown}
 l - 3 scrolls of remove curse {unknown}
 m - a scroll of enchant armour {unknown}
 n - a scroll of teleportation {unknown}
Potions
 k - a potion of degeneration {unknown}
 o - a potion of flight {unknown}
 r - a potion of berserk rage {!q}
Comestibles
 g - 3 bread rations
 i - a beef jerky


   Skills:
 - Level 2.0 Fighting
 * Level 3.0 Short Blades
 - Level 1.7 Throwing
 - Level 0.8 Dodging
 + Level 4.0 Stealth


You had 2 spell levels left.
You didn't know any spells.

Dungeon Overview and Level Annotations

Branches:
Dungeon (2/15)

Altars:

Annotations:
D:2 Robin


Innate Abilities, Weirdness & Mutations

You are partially covered in iridescent scales. (AC +2)


Message History

You are too injured to fight recklessly!
You are too injured to fight recklessly!
You are too injured to fight recklessly!
You are too injured to fight recklessly!
Unknown command.
You hit Robin.
Robin is moderately wounded.
You feel sick. The goblin closely misses you.
You hit Robin but do no damage.
Robin is moderately wounded.
* * * LOW HITPOINT WARNING * * *
You feel sick. Robin hits you with a spear of venom.
* * * LOW HITPOINT WARNING * * *
You are more poisoned.
The goblin barely misses you.
A goblin comes into view. It is wielding a dagger.
It was a potion of berserk rage.
A red film seems to cover your vision as you go berserk!
You feel yourself moving faster!
You feel mighty!
You die...

.ਜਜ.ਜ ਜ..ਜਜ ਜਜ.ਜਜ
.ਜਜ.ਜਜ ਜ... ...
.ਜ)..ਜਜਜ..ਜ ਜ.ਜ
..........ਜ ਜਜ.ਜਜ
)....ਜਜਜ..ਜ ਜਜ.ਜ.ਜਜ
..ਜ.......ਜਜਜ.ਜਜਜ.ਜਜਜ
..ਜਜਜਜਜਜਜ....ਜਜ ਜਜ).ਜ
..ਜ ਜਜਜਜਜ.ਜਜਜgਜ.ਜ ..ਜ
ਜ.ਜ@ਜਜgਜ ਜ.ਜ ਜgਜਜਜ.ਜ
ਜ.ਜ ਜg.ਜਜgਜ ਜ.ਜ
ਜਜ.ਜਜ.ਜ ਜ.ਜ ਜਜ.ਜ ਜ.ਜ
g.ਜ ਜ.ਜ


gg. ਜ.ਜ gਜਜ ਜ.ਜ You could see Robin and 2 goblins.

Vanquished Creatures
  An ooze (D:1)
  3 leopard geckos
  A ball python (D:1)
  A giant cockroach (D:2)
  3 hobgoblins
  3 jackals (D:2)
  5 bats (D:1)
  2 frilled lizards
  5 goblins
  3 kobolds (D:1)
  5 rats
  A bush (D:1)
33 creatures vanquished.

Notes
Turn   | Place    | Note
-------+----------+-------------------------------------------
     0 | D:1      | Goblin1989 the Demonspawn Assassin began the quest for the Orb.
     0 | D:1      | Reached XP level 1. HP: 16/16 MP: 1/1
   517 | D:1      | Gained mutation: You are partially covered in iridescent scales. (AC +2) [demonic ancestry]
   517 | D:1      | Reached XP level 2. HP: 14/22 MP: 2/2
   972 | D:2      | Reached XP level 3. HP: 9/27 MP: 3/3
  1218 | D:2      | Noticed Robin
  1233 | D:2      | Reached skill level 4 in Stealth
  1263 | D:2      | Succumbed to Robin's poison

Vault maps used:
D:1:      saegor_arrival_simple_e, serial_forest, infiniplex_forest_zigzag_1,
          infiniplex_forest_straight_2, infiniplex_forest_corner_1,
          infiniplex_forest_clump_double, infiniplex_forest_corner_1
D:2:      uniq_iyjb, uniq_robin

Skill      XL: |  1  2  3 |
---------------+----------+-----
Short Blades   | 2 3 |  3.0
Stealth        | 4 |  4.0
Fighting       | |  2.0
Throwing       | |  1.7
Dodging        | |  0.8

Action                   || total
-------------------------++-------
Melee: Dagger            ||   296
  Use: Potion            ||     1
 Stab: Sleeping          ||     5
  Eat: Chunk             ||     1
Armor: Robe              ||    38
Dodge: Dodged            ||    69

Vault maps used:
D:1:      saegor_arrival_simple_e, serial_forest, infiniplex_forest_zigzag_1,
          infiniplex_forest_straight_2, infiniplex_forest_corner_1,
          infiniplex_forest_clump_double, infiniplex_forest_corner_1
D:2:      uniq_iyjb, uniq_robin
